cohdb
Replays
Latest Replays
All Replays
Popular Replays
Top Player Replays
Match Explorer
How It Works
Community
CoH3 Stats
Reddit
Sign in to upload your games and track your stats! →
Sign in with Steam
Match 41383248
Unlisted
Match 41383248
Overview
Messages
Build Orders
End
Panzergrenadier Squad
Selects Armored Support Battlegroup
Panzergrenadier Squad
Panzerpioneer Squad
Panzergrenadier Squad
Construct Light Support Kompanie
2.5-tonne Medical Truck
Fire Support Elements
Selects Superior Fire Drills
Pak 38 Anti-tank Gun Team
Selects Salvage Kits
Veteran Squad Leaders
M4X
為了帝皇
CPU - VERY EASY
Mr.Wu
飞鱼
감미로운옥수수
make a sparkling water
White pigs delete the game
0
0
Comments
sign in to comment!
No comments posted yet!